 Dungeon Crawl Stone Soup version 0.30-a0-1016-gfb0d676c02 (webtiles) character file.

Game seed: 16196833560540185097

32 senseless the Insei (level 3, 0/23 HPs)
             Began as an Octopode Transmuter on Apr 6, 2023.
             Slain by Robin
             ... wielding a +0 spear
              (1 damage)
             ... on level 3 of the Dungeon.
             The game lasted 00:03:43 (1926 turns).

senseless the Insei (Octopode Transmuter)           Turns: 1926, Time: 00:03:44

Health: 0/23       AC:  1    Str: 11    XL:     3   Next: 25%
Magic:  4/6        EV: 18    Int: 15    God:
Gold:   120        SH:  0    Dex: 12    Spells: 3/6 levels left

rFire   . . .      SeeInvis .    m - +4 dagger
rCold   . . .      Faith    .    (no shield)
rNeg    . . .      Spirit   .    (helmet currently unavailable)
rPois   .          Reflect  .    (no amulet)
rElec   .          Rampage  .    j - +5 ring of evasion
rCorr   .                        (no ring)
Will    .....                    (no ring)
Stlth   ++                       (no ring)
HPRegen 0.23/turn                (no ring)
MPRegen 0.10/turn                (no ring)
                                 (no ring)
                                 (no ring)

@: appendages (expiring), wereblooded
A: tentacle spike 3, almost no armour, amphibious, 8 rings, camouflage 1,
gelatinous body 1, (nimble swimmer 1), tentacles
a: End Transformation


You were on level 3 of the Dungeon.
One of your tentacles had grown a beastly spike.
You visited 1 branch of the dungeon, and saw 3 of its levels.

You collected 120 gold pieces.

Inventory:

Hand Weapons
 m - a +4 dagger (weapon)
Armour
 n - a +0 kite shield
 o - a +0 tower shield
Jewellery
 j - a +5 ring of evasion (left tentacle)
Scrolls
 b - 3 scrolls of identify {unknown}
 c - a scroll of amnesia {unknown}
 f - a scroll of vulnerability {unknown}
 i - a scroll of enchant armour {unknown}
 k - a scroll of noise {unknown}
 l - a scroll of enchant weapon {unknown}
Potions
 a - a potion of lignification
 d - a potion of mutation {unknown}
 e - a potion of curing {unknown}
 g - 2 potions of heal wounds {unknown}
 h - a potion of brilliance {unknown}


   Skills:
 + Level 1.4 Fighting
 + Level 0.2 Short Blades
 + Level 2.3 Dodging
 + Level 3.3 Unarmed Combat
 + Level 2.2 Spellcasting
 + Level 2.3 Transmutations


You had 3 spell levels left.
You knew the following spells:

 Your Spells              Type           Power      Damage    Failure   Level
a - Beastly Appendage     Tmut           16%        N/A       9%          1
b - Wereblood             Tmut           8%         N/A       12%         2

Your spell library contained the following spells:

 Spells                   Type           Power      Damage    Failure   Level
 Kiss of Death            Conj/Necr      4%         2d5       22%         1
 Spider Form              Tmut/Pois      5%         N/A       36%         3
 Confusing Touch          Hex            1%         N/A       54%         3
 Ice Form                 Ice/Tmut       5%         N/A       78%         4
 Dispel Undead            Necr           1%         3d6       91%         4


Dungeon Overview and Level Annotations

Branches:
Dungeon (3/15)

Altars:

Annotations:
D:3 Robin, Sigmund


Innate Abilities, Weirdness & Mutations

One of your tentacles has grown a beastly spike.
You cannot wear most types of armour.
You are amphibious.
You can wear up to eight rings at the same time.
Your skin changes colour to match your surroundings (Stealth+).
Your rubbery body absorbs attacks. (AC +1, EV +1)
((You are camouflaged when in or above water. (Stealth+)))
You have tentacles for arms and can constrict up to eight enemies at once.


Message History

Robin misses you. The goblin closely misses you.
The goblin shouts!
You hit the goblin but do no damage.
Your tentacle spike misses the goblin.
Your squeeze misses the goblin. The goblin completely misses you.
The goblin misses you.
You bump into the rock wall.
Your transformation is almost over.
You feel less confused.
A goblin comes into view. It is wielding a +0 dagger.
Robin's horned helmet rattles.
The goblin misses you. The goblin hits you with a +0 club.
Sigmund enters a dispersal trap!
The goblin blinks! x2; Robin blinks!
The goblin blinks!
You blink.
Sigmund blinks!
The goblin moves out of view.
Casting: Beastly Appendage (safe; 9% risk of failure)
Confirm with . or Enter, or press ? or * to list all spells.
Your blood is infused with primal strength.
Robin barely misses you.
Sigmund gestures wildly while chanting.
Sigmund flickers and vanishes!
Deactivating autopickup; reactivate with Ctrl-A.
You hear a shout!
You closely miss something. Your squeeze misses something.
Robin throws the goblin at you! The goblin closely misses you.
Something hits you!
You barely miss something. Your squeeze misses something.
The goblin misses you.
Robin roars a battlecry!
The goblins go into a battle-frenzy!
You hear a shout!
You hit something.
Your tentacle spike misses something.
Something hits you!
* * * LOW HITPOINT WARNING * * *
Robin says, "My goblins will feast on your bones."
Robin barely misses you. The goblin hits you but does no damage.
You hit something. Robin barely misses you. The goblin misses you.
Something hits you.
* * * LOW HITPOINT WARNING * * *
You hit the goblin. You grab the goblin.
You pierce the goblin.
The goblin is heavily wounded.
You constrict the goblin. The goblin misses you.
Robin hits you from afar with a +0 spear.
You die...

#.#### .....#
.g##g##.##.# ...Sg.gg...#
g.##g##{#### #.##@#
#.##g# ####.#####<##.#
#### ......)gg..##^# #..
.........S.##.# #.# #
####.####.###.#####.##.##
#.# #(# #...........# #.#
#.# #######.##..# #.# #.#
#.# ..#


You could see Robin, a hobgoblin (strong) and a goblin (strong).

Vanquished Creatures
  A dart slug (D:1)
  3 endoplasms
  8 goblins
  2 hobgoblins (D:2)
  4 kobolds
  A quokka (D:1)
  2 ball pythons
  4 bats
  2 frilled lizards (D:2)
  2 rats (D:2)
29 creatures vanquished.

Notes
Turn   | Place    | Note
-------+----------+-------------------------------------------
     0 | D:1      | senseless the Octopode Transmuter began the quest for the
                  | Orb.
     0 | D:1      | Reached XP level 1. HP: 13/13 MP: 3/3
   340 | D:1      | Reached XP level 2. HP: 14/18 MP: 3/5
   347 | D:1      | Learned a level 2 spell: Wereblood
  1294 | D:2      | Reached XP level 3. HP: 22/23 MP: 4/6
  1733 | D:3      | Noticed Sigmund
  1916 | D:3      | Noticed Robin
  1924 | D:3      | HP: 1/23 [something (10)]
  1926 | D:3      | Slain by Robin

Illustrated notes

Levels and vault maps discovered:
D:1:      dpeg_arrival_round_c, layout_loops_corners,
          nicolae_kite_square_tiling_tiny
D:2:      layout_loops_ring, kennysheep_crisscross, minmay_box_of_dots
D:3:      layout_loops_ring, due_unseen_surprise, uniq_sigmund, uniq_robin,
          uniq_grinder

Action                     || total
---------------------------++-------
  Melee: Unarmed           ||    36
         Constrict         ||    16
         Kick              ||    16
         Tentacles         ||     7
         Dagger            ||    26
         Punch             ||     1
   Cast: Beastly Appendage ||    24
         Wereblood         ||     2
   Stab: Sleeping          ||     3
 Armour: Skin              ||     6
  Dodge: Dodged            ||    54

Table legend: (Time is in decaauts)
 A = Elapsed time spent in this place.
 B = Non-inter-level travel time spent in this place.
 C = Inter-level travel time spent in this place.
 D = Time resting spent in this place.
 E = Time spent auto-exploring this place.
 F = Levels seen in this place.
 G = Mean time per level.
                   A        B        C        D        E       F      G
               +--------+--------+--------+--------+--------+-----+--------+
         Total |   1923 |   1790 |    133 |     66 |   1471 |   3 |  641.0 |
       Dungeon |   1923 |   1790 |    133 |     66 |   1471 |   3 |  641.0 |
               +--------+--------+--------+--------+--------+-----+--------+

Top non-repeatable levels by time:
     D:1: 911 daAuts
     D:2: 886 daAuts
     D:3: 125 daAuts
